AoeStats
← Colon Master

Arena

506943354Analyzed
2v2 RM · 18d ago on Sep 15, 2026· 55m 53s· 4 players
Game mode
Random Map
Map size
Medium (4 player)
Population
200
Speed
Normal
Resources
Standard
Victory
Conquest
Starting age
Dark Age
Ending age
Imperial Age
RankedLock teamsTeams togetherTeam positionsShared explorationLock speedFull tech treeHidden civsTurbo modeCheats
Victory
Defeat
🇦🇷 Turks · Argentina
977
+16
🇦🇷 Mongols · Argentina
907
+18
🇪🇸 Japanese · Spain
983
-18
🇮🇳 Goths · India
943
-16
Colon Master
11:45 Feudal Age
14:00 Horse Collar
16:59 Castle Age
14:46 Loom
15:30 Double-Bit Axe
18:37 Scale Barding Armor
19:38 Bloodlines
24:00 Bow Saw
31:34 Husbandry
31:57 Chain Barding Armor
31:29 Fletching
32:31 Murder Holes
32:45 Padded Archer Armor
34:03 Heavy Plow
34:04 Bodkin Arrow
34:36 Ballistics
41:46 Imperial Age
41:12 Leather Archer Armor
42:35 Elite Steppe Lancer
44:13 Forging
50:47 Chemistry
53:02 Iron Casting
56:09 Conscription
@ DJ Colostomo
12:01 Feudal Age
10:17 Loom
16:07 Castle Age
14:40 Stone Mining
19:20 Padded Archer Armor
20:18 Leather Archer Armor
22:03 Fletching
32:36 Imperial Age
30:13 Gold Mining
30:15 Horse Collar
30:39 Double-Bit Axe
33:20 Wheelbarrow
35:27 Ring Archer Armor
37:39 Bodkin Arrow
38:15 Heavy Plow
44:08 Bracer
46:53 Gold Shaft Mining
48:51 Bow Saw
49:30 Caravan
50:05 Hand Cart
49:35 Town Watch
51:17 Fortified Wall
51:28 Bombard Tower
52:42 Forging
52:37 Scale Barding Armor
53:15 Bloodlines
53:05 Husbandry
54:12 Iron Casting
53:59 Heavy Camel Rider
saratchandra9494
10:41 Feudal Age
11:39 Double-Bit Axe
13:07 Wheelbarrow
13:26 Horse Collar
17:08 Castle Age
15:42 Stone Mining
16:14 Gold Mining
17:12 Fletching
17:28 Scale Mail Armor
18:02 Bow Saw
19:01 Stone Shaft Mining
18:19 Loom
21:13 Town Watch
24:37 Chain Mail Armor
23:54 Elite Skirmisher
25:48 Bodkin Arrow
28:43 Pikeman
30:36 Heavy Plow
32:01 Squires
32:38 Forging
35:53 Iron Casting
38:51 Padded Archer Armor
41:03 Ballistics
44:22 Imperial Age
43:14 Hand Cart
44:02 Anarchy
45:11 Perfusion
47:13 Bracer
48:51 Blast Furnace
50:10 Crop Rotation
50:44 Two-Man Saw
50:31 Halberdier
52:32 Leather Archer Armor
53:21 Chemistry
53:21 Elite Huskarl
54:22 Conscription
Rey_Pablium
11:14 Feudal Age
12:20 Loom
15:25 Castle Age
13:57 Double-Bit Axe
16:39 Fletching
28:16 Imperial Age
27:57 Bloodlines
28:16 Scale Barding Armor
28:22 Forging
30:24 Chain Barding Armor
31:22 Husbandry
32:04 Iron Casting
32:20 Bow Saw
33:47 Blast Furnace
33:00 Cavalier
36:52 Elite Skirmisher
41:56 Thumb Ring
41:48 Bodkin Arrow
41:42 Light Cavalry
45:02 Padded Archer Armor
45:03 Bracer
48:16 Horse Collar
50:22 Conscription
51:19 Two-Man Saw
Connection lost

Rejoining the realm…

Still unreachable

The connection could not be restored.

Session expired

The server has moved on; the page needs a fresh start.